TOP OF THE 1ST |
Oregon State University Beavers batting - Pitching for University of Maine Black Bears : RHP Angus Brear
|
Pitching: RHP Angus Brear
|
|
Batting: RHB Vicente Guillen
|
0-0: Fly out, F3 (Popup, 3, EV 81.9 MPH)
|
Batting: RHB Xavier Williams
|
0-0: SINGLE (Line Drive, 6D, EV 103.8 MPH)
|
Batting: LHB Mike Becerra
|
0-0: Called Strike 0-1: Ball 1-1: Called Strike 1-2: Foul Ball, location: 2F 1-2: Ball 2-2: Ball 3-2: Base on Balls Xavier Williams to second
|
Batting: RHB Roger Mitchell
|
0-0: Ball 1-0: Ball 2-0: Swinging Strike 2-1: Foul Ball, location: 2F 2-2: Ball 3-2: Fly out, F7 (Line Drive, 7, EV 108.1 MPH)
|
Batting: LHB Karel Hort
|
0-0: Ball 1-0: Foul Ball, location: 2F 1-1: Ball 2-1: Ground out 4-3 (Groundball, 34D, EV 99.4 MPH)
|
Top of the 1st over - 0 runs, 1 hit, 0 errors, 2 left on base; Oregon State University 0 - University of Maine 0 |
BOTTOM OF THE 1ST |
University of Maine Black Bears batting - Pitching for Oregon State University Beavers : RHP Johnathan Johnson
|
Pitching: RHP Johnathan Johnson
|
|
Batting: RHB Wataru Tani
|
0-0: SINGLE (Flyball, 4MD, EV 88.8 MPH)
|
Batting: RHB Enrique Gomez
|
0-0: Ball Wataru Tani steals 2nd base 1-0: Ball 2-0: Called Strike 2-1: Ground out U3 (Groundball, 3S, EV 64.4 MPH) Wataru Tani to third
|
Batting: SHB Carlos Carrillo
|
0-0: Ball 1-0: SINGLE (Line Drive, 5D, EV 96.3 MPH) Wataru Tani scores
|
Batting: RHB Alvin Garcia
|
0-0: Ball 1-0: Called Strike 1-1: Ball 2-1: Ball 3-1: Called Strike 3-2: 2-RUN HOME RUN (Flyball, 9D, EV 100.6 MPH), Distance : 393 ft
|
Batting: RHB Juan Bonilla
|
0-0: Ball 1-0: SOLO HOME RUN (Flyball, 7D, EV 93.8 MPH), Distance : 382 ft
|
Batting: RHB Ruben Domingues
|
0-0: Fly out, F7 (Flyball, 7, EV 93.8 MPH)
|
Batting: RHB Clark Meagher
|
0-0: Foul Ball, location: 2F 0-1: Ball 1-1: Swinging Strike 1-2: Ball 2-2: Foul Ball, location: 2F 2-2: Fly out, F2 (Popup, 2L, EV 90.6 MPH)
|
Bottom of the 1st over - 4 runs, 4 hits, 0 errors, 0 left on base; Oregon State University 0 - University of Maine 4 |
TOP OF THE 2ND |
Oregon State University Beavers batting - Pitching for University of Maine Black Bears : RHP Angus Brear
|
Batting: LHB Edwin Bautista
|
0-0: Ball 1-0: Foul Ball, location: 2F 1-1: Swinging Strike 1-2: Strikes out swinging
|
Batting: RHB Seth Fox
|
0-0: Ball 1-0: Called Strike 1-1: Ball 2-1: Fly out, F8 (Flyball, 89D, EV 91.3 MPH)
|
Batting: LHB Carlos Martinez
|
0-0: Foul Ball, location: 2F 0-1: Fly out, F7 (Flyball, 7, EV 87.5 MPH)
|
Top of the 2nd over - 0 runs, 0 hits, 0 errors, 0 left on base; Oregon State University 0 - University of Maine 4 |
BOTTOM OF THE 2ND |
University of Maine Black Bears batting - Pitching for Oregon State University Beavers : RHP Johnathan Johnson
|
Batting: LHB Jose Simental
|
0-0: Ball 1-0: Called Strike 1-1: DOUBLE (Line Drive, 7D, EV 105.0 MPH)
|
Batting: RHB Victor Dominguez
|
0-0: Called Strike 0-1: Foul Ball, location: 2F 0-2: Foul Ball, location: 2F 0-2: Ball 1-2: Ground out U3 (Groundball, 34, EV 108.8 MPH) Jose Simental to third
|
Batting: RHB Wataru Tani
|
0-0: Ball 1-0: Ground out 6-3 (Groundball, 6, EV 85.6 MPH) Jose Simental scores
|
Batting: RHB Enrique Gomez
|
0-0: Ball 1-0: Swinging Strike 1-1: Ground out 3-1 (Groundball, 34, EV 87.5 MPH)
|
Bottom of the 2nd over - 1 run, 1 hit, 0 errors, 0 left on base; Oregon State University 0 - University of Maine 5 |
TOP OF THE 3RD |
Oregon State University Beavers batting - Pitching for University of Maine Black Bears : RHP Angus Brear
|
Batting: RHB Noel Bodkin
|
0-0: Ball 1-0: Ball 2-0: Foul Ball, location: 2F 2-1: SINGLE (Line Drive, 78M, EV 111.9 MPH)
|
Batting: RHB Vicente Guillen
|
0-0: Called Strike Noel Bodkin steals 2nd base 0-1: Swinging Strike 0-2: Ground out 1-3 (Groundball, 15S, EV 67.5 MPH)
|
Batting: RHB Xavier Williams
|
0-0: Ball 1-0: Ball 2-0: Ball 3-0: Called Strike 3-1: Ground out 6-3 (Groundball, 6, EV 102.5 MPH)
|
Batting: LHB Mike Becerra
|
0-0: SINGLE (Groundball, 34D, EV 99.4 MPH) Noel Bodkin to third Runner from 3rd tries for Home, SAFE, throw by RF to home
|
Batting: RHB Roger Mitchell
|
0-0: Called Strike 0-1: Foul Ball, location: 2F 0-2: Ball 1-2: Ball 2-2: Ball 3-2: Foul Ball, location: 2F 3-2: Base on Balls Mike Becerra to second
|
Batting: LHB Karel Hort
|
0-0: Foul Ball, location: 2F 0-1: Ball 1-1: Ground out U3 (Groundball, 3, EV 81.9 MPH)
|
Top of the 3rd over - 1 run, 2 hits, 0 errors, 2 left on base; Oregon State University 1 - University of Maine 5 |
BOTTOM OF THE 3RD |
University of Maine Black Bears batting - Pitching for Oregon State University Beavers : RHP Johnathan Johnson
|
Batting: SHB Carlos Carrillo
|
0-0: Ball 1-0: Called Strike 1-1: Ball 2-1: Ground out 6-3 (Groundball, 6, EV 86.9 MPH)
|
Batting: RHB Alvin Garcia
|
0-0: Ball 1-0: Called Strike 1-1: Foul Ball, location: 9LSF, Error on foul ball, E9 1-2: Fly out, F9 (Flyball, 9, EV 79.4 MPH)
|
Batting: RHB Juan Bonilla
|
0-0: Ball 1-0: Fly out, F7 (Flyball, 7, EV 80.0 MPH)
|
Bottom of the 3rd over - 0 runs, 0 hits, 1 error, 0 left on base; Oregon State University 1 - University of Maine 5 |
TOP OF THE 4TH |
Oregon State University Beavers batting - Pitching for University of Maine Black Bears : RHP Angus Brear
|
Batting: LHB Edwin Bautista
|
0-0: Ball 1-0: Called Strike 1-1: Foul Ball, location: 2F 1-2: DOUBLE (Groundball, 3L, EV 107.5 MPH)
|
Batting: RHB Seth Fox
|
0-0: SINGLE (Groundball, 6MD, EV 95.0 MPH) Edwin Bautista to third
|
Batting: LHB Carlos Martinez
|
0-0: Swinging Strike 0-1: Ball 1-1: Called Strike 1-2: Strikes out looking
|
Batting: RHB Noel Bodkin
|
0-0: Called Strike 0-1: Foul Ball, location: 2F 0-2: Strikes out looking
|
Batting: RHB Vicente Guillen
|
0-0: Fly out, F9 (Flyball, 9, EV 91.3 MPH)
|
Top of the 4th over - 0 runs, 2 hits, 0 errors, 2 left on base; Oregon State University 1 - University of Maine 5 |
BOTTOM OF THE 4TH |
University of Maine Black Bears batting - Pitching for Oregon State University Beavers : RHP Johnathan Johnson
|
Batting: RHB Ruben Domingues
|
0-0: Fly out, F4 (Popup, 34S, EV 66.9 MPH)
|
Batting: RHB Clark Meagher
|
0-0: Called Strike 0-1: Called Strike 0-2: Foul Ball, location: 2F 0-2: Ball 1-2: Strikes out looking
|
Batting: LHB Jose Simental
|
0-0: Fly out, F3 (Line Drive, 3, EV 72.5 MPH)
|
Bottom of the 4th over - 0 runs, 0 hits, 0 errors, 0 left on base; Oregon State University 1 - University of Maine 5 |
TOP OF THE 5TH |
Oregon State University Beavers batting - Pitching for University of Maine Black Bears : RHP Angus Brear
|
Batting: RHB Xavier Williams
|
0-0: SINGLE (Line Drive, 8RS, EV 97.5 MPH)
|
Batting: LHB Mike Becerra
|
0-0: Ball 1-0: Fielders Choice at 2nd, 4-6 (Groundball, 4, EV 95.0 MPH)
|
Batting: RHB Roger Mitchell
|
0-0: Ball 1-0: Called Strike 1-1: SINGLE (Line Drive, 89S, EV 104.4 MPH) Mike Becerra to second
|
Batting: LHB Karel Hort
|
0-0: Ball 1-0: Foul Ball, location: 2F 1-1: Foul Ball, location: 2F 1-2: Hit by Pitch Mike Becerra to third Roger Mitchell to second
|
Pitching: RHP Yin-reng Cuan
|
|
Batting: LHB Edwin Bautista
|
0-0: Called Strike 0-1: Ball 1-1: Ball 2-1: SINGLE (Groundball, 4, EV 110.0 MPH) Mike Becerra scores Roger Mitchell to third Karel Hort to second Runner from 3rd tries for Home, SAFE, throw by RF to home
|
Pinch Hitting: SHB Paul Jaques
|
0-0: Foul Ball, location: 2F 0-1: Foul Ball, location: 2F 0-2: Ball 1-2: Strikes out swinging
|
Batting: LHB Carlos Martinez
|
0-0: Called Strike 0-1: SINGLE (Line Drive, 8RS, EV 98.1 MPH) Karel Hort to third Edwin Bautista to second Runner from 3rd tries for Home, SAFE, throw by CF to home
|
Pinch Hitting: RHB Joel Gomez
|
0-0: Foul Ball, location: 2F 0-1: Fielders Choice at 2nd, 6-4 (Groundball, 6, EV 87.5 MPH)
|
Top of the 5th over - 3 runs, 4 hits, 0 errors, 2 left on base; Oregon State University 4 - University of Maine 5 |
BOTTOM OF THE 5TH |
University of Maine Black Bears batting - Pitching for Oregon State University Beavers : RHP Johnathan Johnson
|
Now at 1B: Joel Gomez
|
|
Now at 3B: Mario Avila
|
|
Now in CF: Angel Acevedo
|
|
Batting: RHB Victor Dominguez
|
0-0: Ball 1-0: Foul Ball, location: 2F 1-1: Called Strike 1-2: SINGLE (Groundball, 6S, EV 66.9 MPH) (infield hit)
|
Pitching: RHP Merlin Casiraghi
|
|
Batting: RHB Wataru Tani
|
0-0: Swinging Strike 0-1: Ball 1-1: Fielders Choice at 2nd, 6-4 (Groundball, 6S, EV 91.3 MPH)
|
Batting: RHB Enrique Gomez
|
0-0: Ball 1-0: Ball Wataru Tani steals 2nd base 2-0: Ball 3-0: Called Strike 3-1: SINGLE (Line Drive, 89S, EV 105.0 MPH) Wataru Tani to third Runner from 3rd tries for Home, throw by CF and OUT! 8-2 Enrique Gomez to second
|
Batting: SHB Carlos Carrillo
|
0-0: Swinging Strike 0-1: Ball 1-1: Called Strike 1-2: Ball 2-2: Ball 3-2: Base on Balls
|
Batting: RHB Alvin Garcia
|
0-0: Called Strike 0-1: Swinging Strike 0-2: Foul Ball, location: 2F 0-2: 3-RUN HOME RUN (Flyball, 78XD, EV 105.0 MPH), Distance : 435 ft
|
Pitching: RHP Joe Catron
|
|
Batting: RHB Juan Bonilla
|
0-0: SINGLE (Groundball, 34D, EV 101.9 MPH)
|
Batting: RHB Ruben Domingues
|
0-0: Ground out 6-3 (Groundball, 6MS, EV 61.9 MPH)
|
Bottom of the 5th over - 3 runs, 4 hits, 0 errors, 1 left on base; Oregon State University 4 - University of Maine 8 |
TOP OF THE 6TH |
Oregon State University Beavers batting - Pitching for University of Maine Black Bears : RHP Yin-reng Cuan
|
Batting: RHB Vicente Guillen
|
0-0: Ground out 5-3 (Groundball, 56S, EV 93.8 MPH)
|
Batting: RHB Angel Acevedo
|
0-0: Ball 1-0: Ball 2-0: Called Strike 2-1: Ground out 6-3 (Groundball, 6, EV 106.9 MPH)
|
Batting: LHB Mike Becerra
|
0-0: Fly out, F7 (Flyball, 78XD, EV 96.9 MPH)
|
Top of the 6th over - 0 runs, 0 hits, 0 errors, 0 left on base; Oregon State University 4 - University of Maine 8 |
BOTTOM OF THE 6TH |
University of Maine Black Bears batting - Pitching for Oregon State University Beavers : RHP Joe Catron
|
Batting: RHB Clark Meagher
|
0-0: Called Strike 0-1: Ball 1-1: Called Strike 1-2: Ball 2-2: Ball 3-2: Foul Ball, location: 2F 3-2: Base on Balls
|
Batting: LHB Jose Simental
|
0-0: Ball 1-0: Fielders Choice at 2nd, 3-6 (Groundball, 34S, EV 94.4 MPH)
|
Batting: RHB Victor Dominguez
|
0-0: Called Strike 0-1: Ball 1-1: Called Strike 1-2: Ball 2-2: Strikes out swinging
|
Batting: RHB Wataru Tani
|
0-0: Called Strike 0-1: Ball 1-1: Fielders Choice at 2nd, 6-4 (Groundball, 6, EV 102.5 MPH)
|
Bottom of the 6th over - 0 runs, 0 hits, 0 errors, 1 left on base; Oregon State University 4 - University of Maine 8 |
TOP OF THE 7TH |
Oregon State University Beavers batting - Pitching for University of Maine Black Bears : RHP Yin-reng Cuan
|
Now at 2B: Luis Castillo
|
|
Now at 3B: Ismael Dominguez
|
|
Now in LF: Ignacio Zapata
|
|
Now in CF: Enrique Gomez
|
|
Now in RF: Ivan Navar
|
|
Batting: RHB Roger Mitchell
|
0-0: Ball 1-0: Reached via error on a dropped throw from 1B, E1 (Groundball, 34, EV 106.3 MPH)
|
Batting: LHB Karel Hort
|
Pickoff Throw to First - Error! E1 Roger Mitchell to second 0-0: Ball 1-0: Foul Ball, location: 2F 1-1: SINGLE (Line Drive, 7LM, EV 101.3 MPH) Roger Mitchell to third
|
Batting: LHB Edwin Bautista
|
0-0: Ball 1-0: Fly out, F8 (Flyball, 8RXD, EV 106.3 MPH) Runner from 3rd tags up, SCORES, no throw by CF
|
Batting: RHB Mario Avila
|
0-0: Ball 1-0: 2-RUN HOME RUN (Flyball, 7D, EV 99.4 MPH), Distance : 385 ft
|
Pitching: RHP Ryan Healy
|
|
Batting: LHB Carlos Martinez
|
0-0: Ball 1-0: Ball 2-0: Ball 3-0: Base on Balls
|
Batting: RHB Joel Gomez
|
0-0: Called Strike 0-1: Foul Ball, location: 2F 0-2: Ball 1-2: Strikes out looking
|
Pinch Hitting: LHB Jose Rodriguez
|
0-0: Ball 1-0: DOUBLE (Line Drive, 78D, EV 108.8 MPH) Carlos Martinez to third
|
Batting: RHB Angel Acevedo
|
0-0: Called Strike 0-1: Ball 1-1: Ball 2-1: Foul Ball, location: 2F 2-2: Ball 3-2: Foul Ball, location: 2F 3-2: DOUBLE (Line Drive, 78D, EV 103.8 MPH) Carlos Martinez scores Jose Rodriguez scores
|
Batting: LHB Mike Becerra
|
0-0: Ball 1-0: Ball 2-0: Foul Ball, location: 2F 2-1: Fly out, F8 (Line Drive, 8LD, EV 98.8 MPH)
|
Top of the 7th over - 5 runs, 4 hits, 2 errors, 1 left on base; Oregon State University 9 - University of Maine 8 |
BOTTOM OF THE 7TH |
University of Maine Black Bears batting - Pitching for Oregon State University Beavers : RHP Joe Catron
|
Now at SS: Tommy Lamb
|
|
Pinch Hitting: RHB Jon Borden
|
0-0: Called Strike 0-1: Ball 1-1: SINGLE (Groundball, 5L, EV 95.6 MPH)
|
Batting: SHB Carlos Carrillo
|
0-0: Ball 1-0: Foul Ball, location: 2F 1-1: Ball Jon Borden is caught stealing 2nd base 2-6 2-1: Foul Ball, location: 2F 2-2: DOUBLE (Line Drive, 89D, EV 98.1 MPH)
|
Batting: RHB Alvin Garcia
|
0-0: Called Strike 0-1: Ball 1-1: Ground out U3 (Groundball, 3, EV 88.1 MPH) Carlos Carrillo to third
|
Batting: RHB Juan Bonilla
|
0-0: DOUBLE (Line Drive, 89D, EV 104.4 MPH) Carlos Carrillo scores
|
Batting: RHB Luis Castillo
|
0-0: Ball 1-0: Foul Ball, location: 2F 1-1: Called Strike 1-2: Ball 2-2: Ball 3-2: Strikes out looking
|
Bottom of the 7th over - 1 run, 3 hits, 0 errors, 1 left on base; Oregon State University 9 - University of Maine 9 |
TOP OF THE 8TH |
Oregon State University Beavers batting - Pitching for University of Maine Black Bears : RHP Ryan Healy
|
Pitching: RHP David Espinosa
|
|
Now in CF: Bill Santos
|
|
Pinch Hitting: SHB Jake Hayes
|
0-0: Ball 1-0: Foul Ball, location: 2F 1-1: Foul Ball, location: 2F 1-2: Strikes out swinging
|
Batting: LHB Karel Hort
|
0-0: Ball 1-0: Called Strike 1-1: Ball 2-1: Called Strike 2-2: Ball 3-2: Foul Ball, location: 2F 3-2: Base on Balls
|
Batting: LHB Edwin Bautista
|
0-0: Called Strike 0-1: Fly out, F6 (Flyball, 56D, EV 93.1 MPH)
|
Pinch Hitting: RHB Jose Esparza
|
0-0: Ball 1-0: Ball 2-0: Ball 3-0: Called Strike 3-1: Swinging Strike 3-2: Foul Ball, location: 2F 3-2: Base on Balls Karel Hort to second
|
Batting: LHB Carlos Martinez
|
0-0: Foul Ball, location: 2F 0-1: Swinging Strike 0-2: Strikes out swinging
|
Top of the 8th over - 0 runs, 0 hits, 0 errors, 2 left on base; Oregon State University 9 - University of Maine 9 |
BOTTOM OF THE 8TH |
University of Maine Black Bears batting - Pitching for Oregon State University Beavers : RHP Joe Catron
|
Pitching: LHP William Capuano
|
|
Now at 2B: Itocravo Arrochela
|
|
Now at 3B: Justin Chapin
|
|
Batting: RHB Ivan Navar
|
0-0: Ball 1-0: Ground out 4-3 (Groundball, 4M, EV 84.4 MPH)
|
Pinch Hitting: RHB Jeff McClellan
|
0-0: Ball 1-0: Called Strike 1-1: Ground out 3-1 (Groundball, 34S, EV 80.6 MPH)
|
Batting: RHB Ignacio Zapata
|
0-0: Swinging Strike 0-1: Ball 1-1: Foul Ball, location: 2F 1-2: Ball 2-2: Ball 3-2: Foul Ball, location: 2F 3-2: SINGLE (Groundball, 6D, EV 98.8 MPH)
|
Batting: RHB Ismael Dominguez
|
0-0: Called Strike 0-1: Ball 1-1: Called Strike 1-2: Strikes out swinging
|
Bottom of the 8th over - 0 runs, 1 hit, 0 errors, 1 left on base; Oregon State University 9 - University of Maine 9 |
TOP OF THE 9TH |
Oregon State University Beavers batting - Pitching for University of Maine Black Bears : RHP David Espinosa
|
Pitching: RHP Santiago Navarro
|
|
Now at SS: Tyler Rogers
|
|
Batting: RHB Joel Gomez
|
0-0: Ground out 6-3 (Groundball, 6, EV 103.8 MPH)
|
Batting: SHB Tommy Lamb
|
0-0: Ball 1-0: Ball 2-0: Ground out 6-3 (Groundball, 6, EV 81.9 MPH)
|
Batting: RHB Angel Acevedo
|
0-0: Ball 1-0: Ball 2-0: Ball 3-0: Called Strike 3-1: Fly out, F8 (Flyball, 8LM, EV 84.4 MPH)
|
Top of the 9th over - 0 runs, 0 hits, 0 errors, 0 left on base; Oregon State University 9 - University of Maine 9 |
BOTTOM OF THE 9TH |
University of Maine Black Bears batting - Pitching for Oregon State University Beavers : LHP William Capuano
|
Pitching: RHP Mike Barnhill
|
|
Batting: SHB Bill Santos
|
0-0: Ball 1-0: Called Strike 1-1: Ball 2-1: Called Strike 2-2: Ball 3-2: Foul Ball, location: 2F 3-2: Strikes out swinging
|
Pinch Hitting: RHB Yoshitoshi Mori
|
0-0: Ball 1-0: Called Strike 1-1: Swinging Strike 1-2: Strikes out swinging
|
Batting: RHB Alvin Garcia
|
0-0: Ball 1-0: Ball 2-0: Ball 3-0: Base on Balls
|
Batting: RHB Juan Bonilla
|
0-0: Called Strike 0-1: Ball 1-1: Swinging Strike 1-2: Strikes out swinging
|
Bottom of the 9th over - 0 runs, 0 hits, 0 errors, 1 left on base; Oregon State University 9 - University of Maine 9 |
TOP OF THE 10TH |
Oregon State University Beavers batting - Pitching for University of Maine Black Bears : RHP Santiago Navarro
|
Now at C: Konrad van Oosterhout
|
|
Pinch Hitting: RHB Gustavo Diaz
|
0-0: Ball 1-0: Ball 2-0: Fly out, F8 (Flyball, 8RD, EV 103.1 MPH)
|
Pinch Hitting: RHB Austin Sweetman
|
0-0: Ball 1-0: Called Strike 1-1: Fly out, F9 (Flyball, 9S, EV 87.5 MPH)
|
Batting: LHB Karel Hort
|
0-0: Ground out 4-3 (Groundball, 4, EV 108.8 MPH)
|
Top of the 10th over - 0 runs, 0 hits, 0 errors, 0 left on base; Oregon State University 9 - University of Maine 9 |
BOTTOM OF THE 10TH |
University of Maine Black Bears batting - Pitching for Oregon State University Beavers : RHP Mike Barnhill
|
Now at 2B: Ron Ebinger
|
|
Now in RF: Borislav Draganov
|
|
Batting: RHB Luis Castillo
|
0-0: Ball 1-0: Swinging Strike 1-1: Ball 2-1: Swinging Strike 2-2: Ground out 6-3 (Groundball, 6, EV 81.3 MPH)
|
Pinch Hitting: RHB Tsutomu Kawashima
|
0-0: Called Strike 0-1: Ball 1-1: Ground out 5-3 (Groundball, 56, EV 91.3 MPH)
|
Pinch Hitting: RHB Korey Guzman
|
0-0: Ball 1-0: Called Strike 1-1: Called Strike 1-2: Ball 2-2: Foul Ball, location: 2F 2-2: Foul Ball, location: 2F 2-2: Strikes out swinging
|
Bottom of the 10th over - 0 runs, 0 hits, 0 errors, 0 left on base; Oregon State University 9 - University of Maine 9 |
TOP OF THE 11TH |
Oregon State University Beavers batting - Pitching for University of Maine Black Bears : RHP Santiago Navarro
|
Now at SS: Jeremy Milner
|
|
Now in RF: Jeremy Nuzzo
|
|
Batting: RHB Ward Armstrong
|
0-0: Called Strike 0-1: Foul Ball, location: 2F 0-2: Ball 1-2: Foul Ball, location: 2F 1-2: Ball 2-2: Ground out 4-3 (Groundball, 4, EV 90.0 MPH)
|
Pinch Hitting: RHB Carlomaria Murrone
|
0-0: Hit by Pitch
|
Pinch Hitting: RHB Bob Goodman
|
0-0: Ball 1-0: Foul Ball, location: 2F 1-1: Called Strike 1-2: Strikes out swinging
|
Batting: RHB Joel Gomez
|
0-0: Ball 1-0: Foul Ball, location: 2F 1-1: Ball Wild Pitch! Carlomaria Murrone to second 2-1: Intentional Walk
|
Batting: SHB Tommy Lamb
|
0-0: Fly out, F5 (Popup, 5SF, EV 70.0 MPH)
|
Top of the 11th over - 0 runs, 0 hits, 0 errors, 2 left on base; Oregon State University 9 - University of Maine 9 |
BOTTOM OF THE 11TH |
University of Maine Black Bears batting - Pitching for Oregon State University Beavers : RHP Mike Barnhill
|
Now at C: Victor Martinez
|
|
Now at 3B: Ivan Ramirez
|
|
Pinch Hitting: SHB Alvin Fesko
|
0-0: Called Strike 0-1: Swinging Strike 0-2: Ball 1-2: Ball 2-2: Strikes out swinging, 2-3 out at first.
|
Pinch Hitting: LHB Cameron Brown
|
0-0: Called Strike 0-1: Fly out, F9 (Flyball, 89M, EV 89.4 MPH)
|
Batting: SHB Bill Santos
|
0-0: Foul Ball, location: 2F 0-1: Swinging Strike 0-2: Ball 1-2: Ground out 2-3 (Groundball, 15S, EV 73.1 MPH)
|
Bottom of the 11th over - 0 runs, 0 hits, 0 errors, 0 left on base; Oregon State University 9 - University of Maine 9 |
TOP OF THE 12TH |
Oregon State University Beavers batting - Pitching for University of Maine Black Bears : RHP Santiago Navarro
|
Now at 3B: Seung-kab Park
|
|
Now in LF: Rafael Mosquera
|
|
Batting: RHB Angel Acevedo
|
0-0: Called Strike 0-1: Foul Ball, location: 2F 0-2: Ball 1-2: Ground out 6-3 (Groundball, 6S, EV 81.3 MPH)
|
Batting: LHB Borislav Draganov
|
0-0: Called Strike 0-1: Ball 1-1: Ball 2-1: Called Strike 2-2: Foul Ball, location: 2F 2-2: Ball 3-2: Strikes out swinging
|
Pinch Hitting: RHB Jesus Ruiz
|
0-0: Ground out 5-3 (Groundball, 56S, EV 84.4 MPH)
|
Top of the 12th over - 0 runs, 0 hits, 0 errors, 0 left on base; Oregon State University 9 - University of Maine 9 |
BOTTOM OF THE 12TH |
University of Maine Black Bears batting - Pitching for Oregon State University Beavers : RHP Mike Barnhill
|
Now at 2B: Chris Lindauer
|
|
Batting: RHB Konrad van Oosterhout
|
0-0: Called Strike 0-1: Swinging Strike 0-2: Strikes out swinging
|
Batting: RHB Alvin Garcia
|
0-0: Called Strike 0-1: Swinging Strike 0-2: Hit by Pitch
|
Batting: RHB Juan Bonilla
|
0-0: Ball 1-0: Foul Ball, location: 2F 1-1: Foul Ball, location: 2F 1-2: Strikes out swinging
|
Pitching: RHP Lense Heus
|
|
Batting: RHB Luis Castillo
|
0-0: Ball 1-0: Ball 2-0: Foul Ball, location: 2F 2-1: Foul Ball, location: 2F 2-2: Strikes out looking
|
Bottom of the 12th over - 0 runs, 0 hits, 0 errors, 1 left on base; Oregon State University 9 - University of Maine 9 |
TOP OF THE 13TH |
Oregon State University Beavers batting - Pitching for University of Maine Black Bears : RHP Santiago Navarro
|
Batting: LHB Karel Hort
|
0-0: Ball 1-0: Ball 2-0: Reached on error, E6 (Groundball, 56, EV 106.3 MPH)
|
Batting: RHB Ward Armstrong
|
0-0: Intentional Walk
|
Pitching: LHP Jason Alexander
|
|
Pinch Hitting: RHB Angel Alvarado
|
0-0: Ball 1-0: Fly out, F5 (Popup, 5S, EV 75.6 MPH)
|
Pinch Hitting: RHB Danny Loayza
|
0-0: Foul Ball, location: 2F 0-1: Swinging Strike 0-2: Ball 1-2: Strikes out looking
|
Batting: RHB Joel Gomez
|
0-0: Foul Ball, location: 2F 0-1: Ball 1-1: Called Strike 1-2: Ball 2-2: SINGLE (Line Drive, 3D, EV 96.3 MPH) Karel Hort to third Ward Armstrong to second
|
Batting: SHB Tommy Lamb
|
0-0: DOUBLE (Flyball, 89D, EV 97.5 MPH) Karel Hort scores Ward Armstrong scores Joel Gomez to third Runner from 3rd tries for Home, SAFE, throw by RF to home
|
Batting: RHB Angel Acevedo
|
0-0: Intentional Walk
|
Batting: LHB Borislav Draganov
|
0-0: Called Strike 0-1: Foul Ball, location: 2F 0-2: Ball 1-2: Strikes out looking
|
Top of the 13th over - 3 runs, 2 hits, 1 error, 2 left on base; Oregon State University 12 - University of Maine 9 |
BOTTOM OF THE 13TH |
University of Maine Black Bears batting - Pitching for Oregon State University Beavers : RHP Lense Heus
|
Now at C: Hisao Takei
|
|
Now at 3B: Gary Smith
|
|
Pinch Hitting: RHB Taizo Hotta
|
0-0: Called Strike 0-1: Ball 1-1: Fly out, F7 (Line Drive, 7, EV 95.6 MPH)
|
Pinch Hitting: RHB Tom Graham
|
0-0: Called Strike 0-1: Called Strike 0-2: Foul Ball, location: 2F 0-2: Ball 1-2: Strikes out looking
|
Pinch Hitting: RHB Blake Tanner
|
0-0: Ball 1-0: SINGLE (Groundball, 56, EV 100.6 MPH)
|
Pinch Hitting: LHB Gerardo Furtado
|
0-0: Swinging Strike 0-1: Swinging Strike 0-2: Ball 1-2: Ball Wild Pitch! Blake Tanner to second 2-2: Ball 3-2: Strikes out swinging
|
Bottom of the 13th over - 0 runs, 1 hit, 0 errors, 1 left on base; Oregon State University 12 - University of Maine 9 |
|